 Dungeon Crawl Stone Soup version 0.18.1-48-g4cf74bf (webtiles) character file.

67 torvon the Conjurer (level 4, 0/25 HPs)
             Began as a Tengu Conjurer on Aug 12, 2016.
             Slain by Crazy Yiuf
             ... wielding a +4 quarterstaff of chaos
              (1 damage)
             ... on level 2 of the Dungeon.
             The game lasted 00:08:41 (1951 turns).

torvon the Conjurer (Tengu Conjurer)                Turns: 1951, Time: 00:08:42

Health: 0/25       AC:  2    Str:  9    XL:     4   Next: 16%
Magic:  6/8        EV: 13    Int: 16    God:
Gold:   114        SH:  0    Dex: 14    Spells: 2 memorised, 2 levels left

rFire  . . .     SeeInvis .     i - +0 falchion
rCold  . . .     Gourm    .     a - +0 robe
rNeg   . . .     Faith    .     (no shield)
rPois  .         Spirit   .     (helmet restricted)
rElec  .         Dismiss  .     (no cloak)
rCorr  .         Reflect  .     (no gloves)
SustAt .         Harm     .     (boots unavailable)
MR     .....                    (no amulet)
Stlth  ++........               (no ring)
                                (no ring)

@: not resistant to hostile enchantments, unstealthy
A: beak, talons 3
a: no special abilities


You were on level 2 of the Dungeon.
You were not hungry.

You visited 1 branch of the dungeon, and saw 2 of its levels.

You collected 114 gold pieces.

Inventory:

Hand Weapons
 e - a +0 dagger
 i - a +0 falchion (weapon)
 l - a cursed -2 dagger
 u - a +0 dagger
Missiles
 n - 17 poisoned needles
 p - 4 javelins (quivered)
Armour
 a - a +0 robe (worn)
 f - a +0 pair of boots
 r - a +2 cloak
Jewellery
 o - an uncursed amulet of harm {unknown}
Scrolls
 d - a scroll of random uselessness {unknown}
 g - a scroll of magic mapping {unknown}
 h - 4 scrolls of remove curse {unknown}
 j - a scroll of identify {unknown}
 s - a scroll of enchant weapon {unknown}
 y - a scroll of teleportation {unknown}
Potions
 m - a potion of berserk rage {unknown}
 q - a potion of flight {unknown}
 t - a potion of brilliance {unknown}
 w - a potion of curing {unknown}
 x - a potion of might {unknown}
Books
 b - a book of Conjurations

   Spells                             Type                      Level
   a - Magic Dart                     Conjuration                  1
   b - Searing Ray                    Conjuration                  2
   c - Dazzling Spray                 Conjuration/Hexes            3
   d - Fulminant Prism                Conjuration/Hexes            4
   e - Iskenderun's Mystic Blast      Conjuration                  4
   f - Iskenderun's Battlesphere      Conjuration/Charms           5
Comestibles
 c - 2 bread rations
 k - a chunk of flesh
 v - a slice of pizza


   Skills:
 + Level 1.6 Fighting
 + Level 3.1 Dodging
 - Level 2.0 Stealth
 - Level 2.0 Spellcasting
 * Level 6.3 Conjurations


You had 2 spell levels left.
You knew the following spells:

 Your Spells              Type           Power        Failure   Level  Hunger
a - Magic Dart            Conj           ###.         1%          1    #......
b - Iskenderun's Mystic   Conj           ###.....     17%         4    #####..


Dungeon Overview and Level Annotations

Branches:
Dungeon (2/15)

Altars:

Annotations:
D:2 Crazy Yiuf, Sigmund


Innate Abilities, Weirdness & Mutations

You have a beak for a mouth.
You have claws for feet.


Message History

The magic dart hits Crazy Yiuf.
Crazy Yiuf is heavily wounded.
Crazy Yiuf screams, "Aardvark eyeball meccalolo!"
Crazy Yiuf barely misses you.
You hit Crazy Yiuf.
Crazy Yiuf is severely wounded.
Crazy Yiuf hits you with a quarterstaff of chaos!
You hit Crazy Yiuf.
Crazy Yiuf is severely wounded.
Crazy Yiuf closely misses you.
You closely miss Crazy Yiuf. You claw Crazy Yiuf, but do no damage.
Crazy Yiuf is severely wounded.
Crazy Yiuf hits you with a quarterstaff of chaos.
Space bends around you.
* * * LOW HITPOINT WARNING * * *
Crazy Yiuf screams, "Hah cower broken!"
Crazy Yiuf hits you with a quarterstaff of chaos.
* * * LOW HITPOINT WARNING * * *
Crazy Yiuf burns you.
You die...

#####
##...#####
##........#
#....####.#
#'..'# #.#
#P..P# #.#
#..P## #.#
## ##.##
#.#######.
#@##
#..)......
##g#
#.........
#.##
##########
##.# #'#
#...#
#######
#...#
###.(..>†
#..)#
#...#####
##### #.###


You could see Crazy Yiuf.

Vanquished Creatures
  2 adders (D:2)
  An ooze (D:1)
  A giant gecko (D:1)
  5 giant cockroaches
  9 goblins
  2 hobgoblins (D:1)
  4 jackals
  3 bats
  A giant newt (D:2)
  6 kobolds
  5 rats
39 creatures vanquished.

Notes
Turn   | Place    | Note
--------------------------------------------------------------
     0 | D:1      | torvon the Tengu Conjurer began the quest for the Orb.
     0 | D:1      | Reached XP level 1. HP: 10/10 MP: 4/4
   313 | D:1      | Reached XP level 2. HP: 10/16 MP: 1/6
   699 | D:1      | Reached skill level 1 in Fighting
   714 | D:1      | Reached XP level 3. HP: 20/20 MP: 5/7
  1349 | D:2      | Noticed Sigmund
  1406 | D:2      | Reached skill level 6 in Conjurations
  1431 | D:2      | HP: 1/20 [poisoned by an adder]
  1723 | D:2      | Reached XP level 4. HP: 3/25 MP: 2/8
  1783 | D:2      | Learned a level 4 spell: Iskenderun's Mystic Blast
  1941 | D:2      | Noticed Crazy Yiuf
  1951 | D:2      | HP: 1/25 [Crazy Yiuf/quarterstaff of chaos (6)]
  1951 | D:2      | Slain by Crazy Yiuf

Skill      XL: |  1  2  3 |
---------------+----------+-----
Fighting       | 1 |  1.6
Dodging        | 3 |  3.1
Conjurations   | 6 |  6.3
Stealth        | |  2.0
Spellcasting   | |  2.0

Action                   |  1- 3 |  4- 6 || total
-------------------------+-------+-------++-------
Melee: Unarmed           |    16 |       ||    16
       Kick              |     6 |     1 ||     7
       Dagger            |     4 |       ||     4
       Peck              |     2 |       ||     2
       Falchion          |    21 |     6 ||    27
 Cast: Magic Dart        |    44 |    14 ||    58
  Use: Potion            |       |     1 ||     1
 Stab: Sleeping          |     1 |       ||     1
  Eat: Chunk             |     3 |     1 ||     4
Armor: Robe              |     4 |     1 ||     5
Dodge: Dodged            |    35 |     7 ||    42
